 Dungeon Crawl Stone Soup version 0.30-a0-1160-g6e42c06 (webtiles) character file.

Game seed: 18356534130936566925

1884 Dorkslayer the Cudgeller (level 9, -2/55 HPs)
             Began as a Gargoyle Fighter on Apr 25, 2023.
             Was an Initiate of Gozag.
             Slain by an ogre
             ... wielding a +0 giant spiked club
              (12 damage)
             ... on level 7 of the Dungeon.
             The game lasted 00:11:36 (3522 turns).

Dorkslayer the Cudgeller (Gargoyle Fighter)         Turns: 3522, Time: 00:11:38

Health: -2/55      AC: 19    Str: 23    XL:     9   Next: 14%
Magic:  8/8        EV:  9    Int:  8    God:    Gozag
Gold:   350        SH:  6    Dex: 17    Spells: 8/8 levels left

rFire   + . .        p - +1 flail (drain)
rCold   + . .        c - +0 buckler
rNeg    + . .        g - +0 chain mail
rPois   ∞            m - +0 helmet
rElec   +            y - scarf {rC+ rF+}
rCorr   .            (no gloves)
SInv    .            (no boots)
Will    .....        (no amulet) Stlth
                     o - +6 ring of dexterity
HPRegen 0.29/turn    (no ring)
MPRegen 0.11/turn

%: no passive effects
@: weak-willed
A: sickness immunity, AC +6, negative energy resistance 1, electricity
resistance, torment resistance 1, petrification resistance, iridescent scales 1,
low MP 1
a: Renounce Religion, Potion Petition, Call Merchant, Bribe Branch


You were on level 7 of the Dungeon.
You worshipped Gozag.
Gozag was aware of your devotion.
You visited 1 branch of the dungeon, and saw 7 of its levels.

You collected 432 gold pieces.
You paid 82 gold pieces to Gozag.

Inventory:

Hand Weapons
 a - a +0 war axe
 p - a +1 flail of draining (weapon)
Missiles
 l - a throwing net
 x - 6 boomerangs (quivered)
Armour
 b - the +1 gold dragon scales "Bojejel" {rElec rPois rF+ rC+ rN++ Str+3 Dex-2}
   (You found it on level 7 of the Dungeon)

   Str:       It affects your strength (+3).
   Dex:       It affects your dexterity (-2).
   rF:        It protects you from fire.
   rC:        It protects you from cold.
   rElec:     It insulates you from electricity.
   rPois:     It protects you from poison.
   rN:        It greatly protects you from negative energy.
 c - a +0 buckler (worn)
 g - a +0 chain mail (worn)
 m - a +0 helmet (worn)
 y - a scarf of resistance (worn)
Jewellery
 o - a +6 ring of dexterity (left hand)
Wands
 w - a wand of polymorph (3)
Scrolls
 t - a scroll of enchant armour {unknown}
 u - a scroll of amnesia
 z - 2 scrolls of poison {unknown}
 B - a scroll of enchant weapon {unknown}
Potions
 d - 2 potions of might
 f - 2 potions of mutation
 i - a potion of lignification {unknown}
 j - a potion of curing
 k - 3 potions of heal wounds {unknown}
 n - a potion of degeneration {unknown}
 q - a potion of flight
 r - a potion of cancellation {unknown}
 v - a potion of magic {unknown}
 C - a potion of berserk rage {unknown}


   Skills:
 + Level 5.8 Fighting
 + Level 3.2(4.8) Axes
 + Level 6.1(6.6) Maces & Flails
 + Level 0.3 Throwing
 + Level 5.6 Armour
 + Level 2.9 Dodging
 + Level 0.2 Stealth
 + Level 5.2 Shields
 + Level 0.1 Unarmed Combat
 * Level 3.5 Evocations


You had 8 spell levels left.
You didn't know any spells.
Your spell library contained the following spells:

 Spells                   Type           Power      Damage    Failure   Level
 Gell's Gravitas          Tloc           0%         N/A       100%        3
 Ozocubu's Armour         Ice            0%         N/A       100%        3
 Teleport Other           Tloc           0%         N/A       100%        3
 Ice Form                 Ice/Tmut       0%         N/A       100%        4
 Summon Ice Beast         Ice/Summ       0%         N/A       100%        4
 Metabolic Englaciation   Hex/Ice        0%         N/A       100%        5
 Summon Mana Viper        Hex/Summ       0%         N/A       100%        5
 Dispersal                Tloc           0%         N/A       100%        6
 Monstrous Menagerie      Summ           0%         N/A       100%        7
 Simulacrum               Ice/Necr       Unusable   N/A       N/A         6

Dungeon Overview and Level Annotations

Branches:
Dungeon (7/15)
 Temple: D:4-7

Altars:
Gozag
Hepliaklqana
Ru

Shops:
D:5 [


Innate Abilities, Weirdness & Mutations

You are immune to sickness and miasma.
Your stone body is resilient. (AC +6)
You are immune to poison.
You resist negative energy. (rN+)
You are resistant to electric shocks. (rElec)
You are resistant to unholy torment.
You are immune to petrification.
You are partially covered in iridescent scales. (AC +2)
Your magical capacity is low. (-10% MP)


Message History

Press: ? - help, v - describe, . - travel, g - get item Item here: slimy gold dragon scales.
The floor.
An electric eel comes into view.
You block the ogre's attack.
The electric eel shoots out a bolt of lightning at you!
The bolt of electricity hits you. You resist.
You see here the +1 gold dragon scales "Bojejel" {rElec rPois rF+ rC+ rN++ Str+3 Dex-2}.
b - the +1 gold dragon scales "Bojejel" {rElec rPois rF+ rC+ rN++ Str+3 Dex-2} A sky beast appears from thin air!
Reactivating autopickup.
The electric eel shoots out a bolt of lightning at you!
The bolt of electricity hits you. You resist.
The ogre hits you with a +0 giant spiked club!
* * * LOW HITPOINT WARNING * * *
As you read the scroll labelled ETASCH EK WIE, it crumbles to dust.
It is a scroll of amnesia.
You feel forgetful for a moment.
An ice beast comes into view.
The electric eel shoots out a bolt of lightning at you!
The bolt of electricity hits you. You resist.
* * * LOW HITPOINT WARNING * * *
Something hits you but does no damage.
Deactivating autopickup; reactivate with Ctrl-A.
The dart slug closely misses you.
As you read the scroll labelled IXKIOHYEVUETH, it crumbles to dust.
Magic quickly surges around you.
It was a scroll of vulnerability.
The ogre hits you but does no damage.
A gnoll bouda comes into view. It is wielding a +0 flail.
The orc hits you but does no damage. Something hits you but does no damage.
This is a scroll of acquirement!
Something appears at your feet!
The gnoll bouda shouts!
The dart slug launches a dart at you.
The slug dart hits you but does no damage.
You block the orc's attack.
The gnoll sergeant hits you but does no damage.
The ogre hits you with a +0 giant spiked club!
You die...
Your body crumbles into a pile of gold.

,,,,,........#..#,*$,**,*,,**,**
,***###..#...#g.#,**$*,,*,,**,,**
,*,,,....#......#,,**,,**,***,,,,
,*,**#.##>......##,,,*##.,* *,**,
,*,* #.##...#.#.Y####....,* ***,,
,*,* #.##.#........Y.....,****,,,
,,,* #...<.g...gYSo......,,**,,,,
,,** ####..#####O.J......,,,,,,,_
,,#####......#*#@w####w.#****,,,,
**#.....##.#.##~~.~~#*,..* **,,,
#.....##.##.≈≈≈~≈~≈.#*.******,,
#.....'..##≈#≈#~~≈≈S≈#,,,,****,
#....)#.#≈≈≈≈≈~~#≈≈≈≈~,,*,,,,,,
########.≈≈≈≈~~≈≈≈≈≈≈~,*,,*****
*** *#≈≈≈≈≈≈~~≈≈≈≈≈≈~*,** ,,*
*≈≈#~≈~≈~~≈≈#~≈≈~~,** ,,*
***#~w≈?⌠~~.⌠,~~⌠~~*~,,*


You could see a water moccasin (weak-willed), 2 ice beasts, a sky beast
(weak-willed), an ogre (weak-willed), a gnoll sergeant, a gnoll bouda, a jelly
(weak-willed), an electric eel (weak-willed), a dart slug (weak-willed) and an
orc (weak-willed).

Vanquished Creatures
  Duvessa (D:4)
  A water moccasin (D:5)
  2 ice beasts (D:7)
  A black bear (D:5)
  3 ogres
  A phantom (D:4)
  Blork the orc (D:4)
  3 scorpions (D:5)
  4 wights (D:4)
  Dowan (D:4)
  A killer bee (D:6)
  A jelly (D:6)
  A gnoll bouda (D:5)
  5 hounds
  2 iguanas
  Ijyb (D:4)
  An orc wizard (D:4)
  9 adders
  4 gnolls (D:3)
  A shadow imp (D:7)
  3 worms (D:2)
  5 dart slugs
  6 orcs
  8 ball pythons
  9 endoplasms
  3 giant cockroaches (D:1)
  9 goblins
  9 hobgoblins
  4 kobolds
  A quokka (D:5)
  4 bats
  A frilled lizard (D:2)
  11 rats
117 creatures vanquished.

Notes
Turn   | Place    | Note
-------+----------+-------------------------------------------
     0 | D:1      | Dorkslayer the Gargoyle Fighter began the quest for the
                  | Orb.
     0 | D:1      | Reached XP level 1. HP: 14/14 MP: 1/1
   115 | D:1      | Reached XP level 2. HP: 19/19 MP: 2/2
   411 | D:1      | Reached XP level 3. HP: 19/23 MP: 3/3
   719 | D:2      | Identified the staff of cold "Arick" {rC+ MP-9 Str+3 Int+2}
   922 | D:2      | Reached skill level 1 in Dodging
   922 | D:2      | Reached XP level 4. HP: 16/29 MP: 4/4
  1015 | D:2      | Found a hazy altar of Hepliaklqana.
  1155 | D:3      | Identified the +1 rapier of Chaos {flame, rPois Str+2 Dex-3
                  | Stlth+}
  1324 | D:3      | Reached XP level 5. HP: 19/33 MP: 5/5
  1715 | D:4      | Found a sacrificial altar of Ru.
  1721 | D:4      | Reached skill level 1 in Maces & Flails
  1784 | D:4      | Noticed Blork the orc
  1794 | D:4      | Killed Blork the orc
  1795 | D:4      | Reached skill level 2 in Maces & Flails
  1795 | D:4      | Reached XP level 6. HP: 38/38 MP: 6/6
  1876 | D:4      | Noticed Ijyb
  1891 | D:4      | Killed Ijyb
  2069 | D:4      | Reached skill level 3 in Maces & Flails
  2069 | D:4      | Reached skill level 1 in Evocations
  2069 | D:4      | Reached XP level 7. HP: 19/44 MP: 7/7
  2142 | D:4      | Noticed Duvessa
  2143 | D:4      | Noticed Dowan
  2154 | D:4      | Killed Duvessa
  2173 | D:4      | Killed Dowan
  2183 | D:4      | Reached skill level 4 in Maces & Flails
  2305 | D:4      | Reached skill level 5 in Fighting
  2321 | D:4      | Reached XP level 8. HP: 26/49 MP: 8/8
  2595 | D:5      | Entered Level 5 of the Dungeon
  2599 | D:5      | Gained mutation: You occasionally lose the ability to read
                  | scrolls when taking damage. [potion of mutation]
  2599 | D:5      | Gained mutation: You have hidden genetic potential. [potion
                  | of mutation]
  2599 | D:5      | Gained mutation: You are robust. (+10% HP) [potion of
                  | mutation]
  2600 | D:5      | Lost mutation: You occasionally lose the ability to read
                  | scrolls when taking damage. [potion of mutation]
  2600 | D:5      | Lost mutation: You are robust. (+10% HP) [potion of
                  | mutation]
  2600 | D:5      | Gained mutation: You have a somewhat thin skeletal
                  | structure. (Dex +2, Stealth+) [potion of mutation]
  2600 | D:5      | Gained mutation: You have a pair of small antennae on your
                  | head. [potion of mutation]
  2601 | D:5      | Lost mutation: You have a somewhat thin skeletal structure.
                  | (Dex +2, Stealth+) [potion of mutation]
  2601 | D:5      | Lost mutation: You have hidden genetic potential. [potion
                  | of mutation]
  2601 | D:5      | Lost mutation: You have a pair of small antennae on your
                  | head. [potion of mutation]
  2601 | D:5      | Gained mutation: Your magical capacity is low. (-10% MP)
                  | [potion of mutation]
  2601 | D:5      | Gained mutation: You are partially covered in iridescent
                  | scales. (AC +2) [potion of mutation]
  2633 | D:5      | Found Muapywio's Antique Armour Shop.
  2743 | D:5      | Reached skill level 5 in Armour
  2912 | D:5      | Found an opulent altar of Gozag.
  2917 | D:5      | Became a worshipper of Gozag Ym Sagoz the Greedy
  2984 | D:5      | Reached skill level 5 in Maces & Flails
  3190 | D:5      | Got the Atlas of Brumal Correspondence
  3432 | D:6      | Reached skill level 5 in Shields
  3432 | D:6      | Reached XP level 9. HP: 45/55 MP: 8/8
  3440 | D:6      | HP: 1/55 [killer bee (6)]
  3464 | D:7      | Reached skill level 6 in Maces & Flails
  3518 | D:7      | Identified the +1 gold dragon scales "Bojejel" {rElec rPois
                  | rF+ rC+ rN++ Str+3 Dex-2}
  3522 | D:7      | Identified a scroll of acquirement
  3522 | D:7      | Acquired 1391 gold pieces
  3522 | D:7      | Slain by an ogre

Illustrated notes

Levels and vault maps discovered:
D:1:      tarquinn_simple_flora_water_f, layout_basic
D:2:      layout_loops_ring, basic_altar, grunt_decor_junction
D:3:      layout_rooms
D:4:      layout_loops_cross, nicolae_ru_great_annihilating_truth,
          uniq_blork_the_orc, uniq_duvessa, uniq_ijyb
D:5:      layout_cave_pools, kennysheep_little_box, serial_shops, shop,
          st_stairs_7, chequers_serial_rivers_small_3,
          chequers_serial_rivers_large_a, minmay_diced_spiral
D:6:      layout_rooms, vehumet_crystals, temple_green,
          hangedman_abyss_or_decor_passed, st_stairs_1, minmay_crossroads
D:7:      kennysheep_slugbush, layout_basic, lemuel_round_altar, enter_bailey_8,
          gammafunk_ghost_wrathful_warriors, minmay_alternating_orb,
          uniq_prince_ribbit1

Skill      XL: |  1  2  3  4  5  6  7  8  9 |
---------------+----------------------------+-----
Axes           | 2 3 |  3.2
Dodging        | 1 2 |  2.9
Fighting       | 4 5 |  5.8
Armour         | 4 5 |  5.6
Maces & Flails | 2 3 4 5 6 |  6.1
Shields        | 4 5 |  5.2
Evocations     | 1 3 |  3.5
Throwing       | |  0.3
Stealth        | |  0.2
Unarmed Combat | |  0.1

Action                     |  1- 3 |  4- 6 |  7- 9 || total
---------------------------+-------+-------+-------++-------
  Melee: War axe           |    99 |    50 |       ||   149
         Flail             |       |    96 |   189 ||   285
         Unarmed           |       |     3 |       ||     3
  Throw: Throwing net      |       |     1 |       ||     1
         Boomerang         |       |       |     6 ||     6
    Use: Potion            |       |     1 |     7 ||     8
         Scroll            |       |     3 |     9 ||    12
   Stab: Distracted        |       |       |     1 ||     1
 Armour: Scale mail        |    21 |       |       ||    21
         Chain mail        |    48 |    70 |   184 ||   302
  Dodge: Dodged            |    46 |    62 |   124 ||   232
  Block: Buckler           |    25 |    32 |    83 ||   140

Table legend: (Time is in decaauts)
 A = Elapsed time spent in this place.
 B = Non-inter-level travel time spent in this place.
 C = Inter-level travel time spent in this place.
 D = Time resting spent in this place.
 E = Time spent auto-exploring this place.
 F = Levels seen in this place.
 G = Mean time per level.
                   A        B        C        D        E       F      G
               +--------+--------+--------+--------+--------+-----+--------+
         Total |   3645 |   3645 |      0 |      0 |    969 |   7 |  520.7 |
       Dungeon |   3645 |   3645 |      0 |      0 |    969 |   7 |  520.7 |
               +--------+--------+--------+--------+--------+-----+--------+

Top non-repeatable levels by time:
     D:4: 921 daAuts
     D:5: 771 daAuts
     D:2: 649 daAuts
     D:3: 585 daAuts
     D:1: 532 daAuts
     D:6: 115 daAuts
     D:7: 70 daAuts
